AoeStats
← feue832223

Arabia

510709124Analyzed
1v1 RM · 11h ago on Oct 2, 2026· 26m 31s· 2 players
Game mode
Random Map
Map size
Tiny (2 player)
Population
200
Speed
Normal
Resources
Standard
Victory
Conquest
Starting age
Dark Age
Ending age
Imperial Age
RankedLock teamsTeams togetherTeam positionsShared explorationLock speedFull tech treeHidden civsTurbo modeCheats
Victory
Defeat
🇧🇷 Jurchens · Brazil
1119
+16
🇨🇳 Malians · China
1114
-16
ynynyn532
6:11 Loom
8:57 Feudal Age
10:00 Double-Bit Axe
10:36 Horse Collar
16:44 Wheelbarrow
16:58 Fletching
20:11 Castle Age
19:33 Scale Barding Armor
19:39 Forging
20:06 Bloodlines
21:31 Bow Saw
feue832223
6:28 Loom
9:06 Feudal Age
10:04 Double-Bit Axe
10:02 Horse Collar
14:31 Fletching
16:39 Padded Archer Armor
18:03 Wheelbarrow
22:14 Castle Age
20:43 Scale Barding Armor
20:49 Forging
21:19 Bloodlines
21:48 Town Watch
23:18 Heavy Plow
23:29 Bow Saw
23:40 Husbandry
24:51 Iron Casting
26:08 Gold Mining
26:52 Chain Barding Armor
Connection lost

Rejoining the realm…

Still unreachable

The connection could not be restored.

Session expired

The server has moved on; the page needs a fresh start.